Map: Old Republic LE

Players

PrinceAbubu - Winner!

  • Race: Zerg Zerg
  • League: Diamond
  • Spawn Location: 7:00

GAMEL

  • Race: Terran Terran
  • League: Diamond
  • Spawn Location: 1:00

VOD

Have the link to the VOD?

Description

Time

  • Played on: Dec. 9, 2025, 12:01 p.m.
  • Length: 12:23
Show
View Real Time Build Order
Export as new Build Order

PrinceAbubu Zerg - Winner!

Build Orders: Hatch First, Brood Lord Corruptor 

Get SALT Encoding   

  12  0:00  Drone  
  13  0:09  Drone  
  14  0:14  Extractor, Drone  
  15  0:21  Overlord  
  15  0:40  Drone  
  16  0:46  Hatchery  
  16  0:49  Drone  
  16  0:52  Drone  
  16  0:55  Drone  
  18  1:06  Extractor  
  18  1:11  Spawning Pool  
  16  1:14  Drone  
  16  1:17  Drone  
  18  1:27  Drone  
  19  1:38  Drone  
  20  1:48  Drone  
  21  1:58  Queen x2  
  21  1:59  Zergling x4  
  27  2:09  Overlord, Drone  
  27  2:10  Metabolic Boost  
  28  2:32  Drone x4  
  32  2:38  Hatchery  
  31  2:47  Queen  
  33  2:52  Overlord  
  33  2:55  Drone  
  33  2:57  Drone  
  35  3:11  Overlord  
  35  3:12  Drone x2  
  37  3:13  Drone x3  
  40  3:24  Drone x4  
  44  3:35  Queen  
  44  3:40  Lair  
  46  3:43  Zergling x8  
  46  3:45  Zergling x2  
  46  3:46  Zergling x2  
  52  3:49  Overlord  
  52  4:00  Queen  
  52  4:02  Drone x4  
  58  4:06  Overlord  
  58  4:15  Queen  
  60  4:17  Baneling Nest  
  59  4:26  Drone x7  
  65  4:38  Queen  
  67  4:48  Infestation Pit  
  66  5:01  Extractor  
  66  5:03  Extractor  
  66  5:04  Extractor  
  66  5:05  Centrifugal Hooks  
  66  5:06  Evolution Chamber, Drone x3  
  65  5:07  Drone x3  
  65  5:08  Drone x2  
  65  5:09  Drone  
  65  5:10  Drone x3  
  65  5:13  Overlord x2  
  74  5:27  Overlord x2  
  74  5:39  Extractor  
  74  5:41  Extractor  
  72  5:43  Spire, Drone x3  
  72  5:44  Drone  
  72  5:45  Drone x2  
  72  5:46  Zergling x12  
  83  5:50  Hive  
  83  5:56  Zergling x10  
  88  6:05  Hatchery  
  87  6:12  Drone x2  
  87  6:13  Drone  
  87  6:14  Overlord  
  87  6:15  Overlord x2  
  87  6:27  Zergling x12  
  77  6:48  Zergling x22  
  80  7:04  Zergling x12  
  86  7:10  Zerg Melee Weapons Level 1  
  86  7:13  Greater Spire  
  86  7:15  Corruptor x3  
  92  7:27  Drone x4  
  92  7:29  Drone  
  95  7:49  Drone  
  95  7:50  Drone x2  
  95  7:51  Corruptor x11  
  98  7:56  Overlord x2  
  120  8:01  Drone x5  
  116  8:10  Zergling x4  
  111  8:12  Adrenal Glands  
  111  8:26  Brood Lord  
  111  8:27  Brood Lord x2  
  116  8:28  Brood Lord  
  116  8:32  Drone, Zergling x6  
  116  8:33  Zergling x8  
  126  8:38  Extractor  
  125  8:43  Extractor  
  125  8:46  Spine Crawler  
  125  8:48  Brood Lord x2, Spine Crawler  
  122  8:50  Zergling x16  
  122  8:51  Zergling x4  
  136  8:55  Zerg Flyer Weapons Level 1  
  136  9:03  Drone x8  
  136  9:06  Overlord x2  
  144  9:18  Overlord  
  144  9:21  Zerg Melee Weapons Level 2  
  144  9:22  Hatchery  
  136  9:42  Brood Lord x3  
  136  9:43  Corruptor x3  
  136  9:44  Corruptor  
  149  10:03  Drone x6  
  149  10:04  Drone  
  156  10:10  Zergling x6  
  156  10:11  Zergling x18  
  168  10:15  Baneling x22  
  168  10:16  Overlord  
  168  10:17  Overlord  
  158  10:40  Viper x2  
  156  10:54  Zergling x38  
  163  11:09  Zergling x2  
  163  11:10  Zergling x22  
  170  11:19  Brood Lord x2  
  170  11:20  Brood Lord x3  
  170  11:22  Zergling x10  
  151  11:50  Corruptor  
  151  11:51  Corruptor x6  
  162  11:56  Drone x6  
Show
View Real Time Build Order
Export as new Build Order

GAMEL Terran 

Build Orders: Gas First Reaper Expand, Mech 

Get SALT Encoding   

  12  0:02  SCV  
  13  0:14  SCV  
  13  0:19  Supply Depot  
  14  0:26  SCV  
  15  0:32  Refinery  
  15  0:40  SCV  
  16  0:46  Barracks  
  16  0:53  SCV  
  17  1:05  SCV  
  18  1:17  SCV  
  20  1:38  Orbital Command  
  19  1:45  Command Center  
  19  1:48  Reaper  
  20  2:04  SCV  
  21  2:16  SCV  
  21  2:21  Factory  
  22  2:23  Barracks Reactor  
  22  2:28  SCV, Supply Depot  
  23  2:50  SCV  
  24  2:57  Orbital Command  
  24  3:02  SCV  
  25  3:11  Barracks Tech Lab  
  25  3:12  Hellion x2  
  29  3:14  SCV  
  29  3:15  Command Center  
  30  3:22  Starport  
  30  3:25  Refinery  
  30  3:26  SCV x2  
  31  3:36  Hellion  
  31  3:38  Hellion  
  31  3:40  SCV x2  
  37  3:52  SCV x2  
  39  3:56  Factory  
  39  4:01  Barracks Tech Lab  
  39  4:02  Hellion x2  
  43  4:04  SCV x2  
  45  4:16  SCV  
  46  4:23  Viking, Supply Depot  
  46  4:24  SCV, Hellion  
  51  4:25  Hellion, Supply Depot  
  53  4:36  Orbital Command  
  53  4:38  SCV  
  54  4:39  SCV  
  54  4:44  Infernal Pre-Igniter  
  57  4:45  Hellion  
  57  4:57  Supply Depot  
  57  4:58  SCV x2  
  59  5:03  Refinery, Siege Tank  
  59  5:06  Refinery  
  62  5:10  SCV  
  62  5:11  SCV  
  64  5:15  Orbital Command  
  64  5:21  Supply Depot  
  64  5:22  SCV  
  64  5:23  SCV  
  66  5:32  Hellion x2  
  66  5:34  SCV  
  71  5:35  SCV  
  72  5:45  Supply Depot  
  72  5:49  Siege Tank  
  75  5:56  SCV x2, Factory  
  75  5:57  SCV  
  78  5:59  Factory  
  78  6:01  Factory  
  78  6:07  Hellion x2  
  78  6:08  SCV  
  78  6:09  SCV  
  84  6:12  SCV  
  85  6:20  SCV  
  86  6:28  Barracks Tech Lab  
  86  6:32  Hellion, Siege Tank  
  83  6:43  Siege Tank, Factory Tech Lab  
  84  7:00  Hellion x3  
  84  7:04  Siege Tank  
  84  7:06  SCV  
  84  7:07  Refinery  
  88  7:09  Refinery  
  88  7:11  SCV  
  88  7:12  SCV  
  88  7:15  Siege Tank  
  93  7:17  Engineering Bay  
  93  7:18  SCV  
  93  7:19  Armory  
  94  7:23  SCV  
  94  7:24  SCV  
  96  7:31  SCV  
  96  7:36  SCV x2  
  97  7:39  Command Center  
  97  7:43  SCV  
  98  7:46  Command Center  
  98  7:48  SCV x2  
  100  7:55  SCV  
  100  7:57  Siege Tank x2  
  100  7:58  Siege Tank  
  109  8:06  SCV x2  
  109  8:13  Missile Turret x2  
  109  8:15  Missile Turret  
  109  8:16  Missile Turret x2  
  109  8:17  Missile Turret  
  109  8:20  Missile Turret x2  
  109  8:21  Hellion, Missile Turret  
  109  8:22  Missile Turret  
  109  8:23  Missile Turret  
  109  8:24  Missile Turret  
  109  8:26  Supply Depot x2  
  109  8:27  Terran Vehicle Weapons Level 1, Supply Depot  
  109  8:39  Command Center  
  109  8:41  Starport Tech Lab  
  109  8:48  SCV x3, Hellion x3  
  127  9:00  SCV x3  
  130  9:16  Missile Turret  
  130  9:17  Missile Turret, Armory  
  130  9:18  Thor  
  130  9:19  Thor x2  
  130  9:20  Hellion x2  
  143  9:30  Planetary Fortress  
  143  9:32  Missile Turret  
  143  9:34  Refinery  
  143  9:35  SCV x3  
  143  9:36  Refinery  
  144  9:47  SCV x2  
  144  9:50  Supply Depot  
  144  9:51  Thor  
  144  9:52  Supply Depot  
  152  9:55  Supply Depot  
  150  10:01  Thor  
  150  10:04  Thor  
  150  10:05  Hellion  
  160  10:07  Smart Servos  
  160  10:12  Thor  
  166  10:14  Supply Depot  
  166  10:16  Supply Depot  
  163  10:33  Thor  
  164  10:44  Hellion x2, Siege Tank  
  164  10:46  Thor  
  175  10:55  Thor  
  163  11:16  Hellion x2  
  159  11:35  Hellion  
  159  11:36  Hellion x2  
  159  11:37  Hellion x2  
Tags
 
Add a new tag
Caveats
  • Supply blocks, unpowered buildings, or Contaminate may cause inaccurate times.
  • Supply counts are checked every 10 seconds.